[ AOE2 MATCH · #467452994 ]
UnrankedByzantines vs Magyars
Player's team · LOSS
[ REPLAY ANALYSIS · EXTRACTED FROM THE RECORDED GAME ]
Feudal
28:12
Castle
—
Imperial
—
| APM avg | 26.6 |
| APM peak | 69 |
| eAPM avg | 14.2 |
| Villagers / military | 61 / 11 |
Focus
⚔️ 27.3% · 🌾 72.7%
Spearman ×11
Feudal
10:52
Castle
32:58
Imperial
—
| APM avg | 37.6 |
| APM peak | 96 |
| eAPM avg | 17.5 |
| Villagers / military | 51 / 28 |
Focus
⚔️ 30.3% · 🌾 69.7%
Archer ×25 · Militia ×3
Feudal
9:04
Castle
25:05
Imperial
—
| APM avg | 47.5 |
| APM peak | 88 |
| eAPM avg | 20.9 |
| Villagers / military | 95 / 85 |
Focus
⚔️ 34.2% · 🌾 65.8%
Knight ×45 · Scout Cavalry ×40
Feudal
8:31
Castle
33:38
Imperial
—
| APM avg | 59.1 |
| APM peak | 82 |
| eAPM avg | 16.8 |
| Villagers / military | 51 / 83 |
Focus
⚔️ 38.4% · 🌾 61.6%
Scout Cavalry ×72 · Knight ×11
Feudal
9:58
Castle
22:45
Imperial
—
| APM avg | 43.4 |
| APM peak | 63 |
| eAPM avg | 21.0 |
| Villagers / military | 71 / 73 |
Focus
⚔️ 33.6% · 🌾 66.4%
Archer ×70 · Battering Ram ×3
Feudal
9:19
Castle
26:05
Imperial
—
| APM avg | 44.2 |
| APM peak | 86 |
| eAPM avg | 15.7 |
| Villagers / military | 62 / 64 |
Focus
⚔️ 25.4% · 🌾 74.6%
Scout Cavalry ×58 · Knight ×4 · Spearman ×2
Feudal
—
Castle
—
Imperial
—
| APM avg | 60.1 |
| APM peak | 102 |
| eAPM avg | 17.6 |
| Villagers / military | 71 / 115 |
Focus
⚔️ 37.5% · 🌾 62.5%
Scout Cavalry ×115
Feudal
—
Castle
—
Imperial
—
| APM avg | 19.8 |
| APM peak | 84 |
| eAPM avg | 8.8 |
| Villagers / military | 29 / 0 |
Focus
⚔️ 35.3% · 🌾 64.7%
Match map
Initial resources + every placement click. Lines = walls · curves = elevation contours. ◆ gold · ⬟ stone · ● berries · ✦ relic · ◌ wall gap
Your base· Open — unwalled flank
ITA | CivettaSuPonyCorazzato's base· Open — 8t gap
KIRA's base· ✓ Closed at 25:05 · 20t walls · 1 gate(s)
ITA | Frades89's base· Open — 8t gap
Mapache's base· Open — 4t gap
ITA | Raffy's base· Open — 6t gap
AML4554's base· ✓ Closed at 32:12 · 29t walls · no gate
[Tunjos]Acordeon's base· Open — unwalled flank
Smoothed initial terrain · ◌ = detected wall gap · hover for details
Inputs per minute
— ITA | Aileen Wuornos - - ITA | CivettaSuPonyCorazzato
Build order — ITA | Aileen Wuornos
112 actions detected in the replay
| 0:01 | Create | Villager (Male) |
| 0:02 | Create | Villager (Male) |
| 0:02 | Create | Villager (Male) |
| 0:05 | Build | House |
| 0:06 | Build | House |
| 0:31 | Create | Villager (Male) |
| 1:42 | Create | Villager (Male) |
| 1:42 | Create | Villager (Male) |
| 2:06 | Create | Villager (Male) |
| 2:07 | Research | Loom |
| 2:19 | Build | Lumber Camp |
| 2:28 | Create | Villager (Male) |
| 2:52 | Create | Villager (Male) |
| 3:10 | Create | Villager (Male) |
| 3:41 | Create | Villager (Male) |
| 4:03 | Create | Villager (Male) |
| 4:08 | Build | House |
| 4:33 | Create | Villager (Male) |
| 4:59 | Create | Villager (Male) |
| 5:15 | Create | Villager (Male) |
| 5:28 | Create | Villager (Male) |
| 5:38 | Research | Loom |
| 6:31 | Create | Villager (Male) |
| 6:31 | Create | Villager (Male) |
| 7:24 | Build | Town Center |
| 8:15 | Build | Town Center |
| 9:31 | Create | Villager (Male) |
| 9:31 | Create | Villager (Male) |
| 9:32 | Create | Villager (Male) |
| 9:53 | Create | Villager (Male) |
| 9:54 | Create | Villager (Male) |
| 10:24 | Create | Villager (Male) |
| 10:49 | Create | Villager (Male) |
| 11:31 | Build | Mill |
| 13:45 | Create | Villager (Male) |
| 13:46 | Create | Villager (Male) |
| 13:46 | Create | Villager (Male) |
| 13:58 | Build | Town Center |
| 14:51 | Create | Villager (Male) |
| 14:52 | Create | Villager (Male) |
| 14:52 | Create | Villager (Male) |
| 16:21 | Create | Villager (Male) |
| 16:21 | Create | Villager (Male) |
| 17:14 | Create | Villager (Male) |
| 17:23 | Create | Villager (Male) |
| 17:23 | Create | Villager (Male) |
| 17:24 | Create | Villager (Male) |
| 17:57 | Create | Villager (Male) |
| 18:08 | Build | Farm |
| 18:22 | Create | Villager (Male) |
| 18:29 | Create | Villager (Male) |
| 18:34 | Build | House |
| 18:54 | Create | Villager (Male) |
| 19:37 | Build | Farm |
| 19:37 | Build | Farm |
| 19:37 | Build | Farm |
| 19:37 | Build | Farm |
| 20:05 | Create | Villager (Male) |
| 20:22 | Build | Farm |
| 20:24 | Create | Villager (Male) |
| 20:50 | Create | Villager (Male) |
| 21:10 | Create | Villager (Male) |
| 21:48 | Build | Farm |
| 21:50 | Build | Farm |
| 21:53 | Build | Farm |
| 22:07 | Create | Villager (Male) |
| 22:27 | Create | Villager (Male) |
| 22:46 | Build | Farm |
| 22:47 | Create | Villager (Male) |
| 23:13 | Create | Villager (Male) |
| 23:16 | Build | Farm |
| 23:43 | Create | Villager (Male) |
| 23:45 | Build | Farm |
| 24:02 | Build | Palisade Wall |
| 24:03 | Build | House |
| 24:06 | Build | Palisade Wall |
| 24:20 | Build | Farm |
| 24:41 | Create | Villager (Male) |
| 24:48 | Create | Villager (Male) |
| 25:21 | Build | Farm |
| 25:23 | Create | Villager (Male) |
| 25:40 | Create | Villager (Male) |
| 25:56 | Create | Villager (Male) |
| 26:02 | Research | Feudal Age |
| 26:14 | Build | Mining Camp |
| 27:42 | Build | Barracks |
| 28:06 | Create | Villager (Male) |
| 28:12 | Age | Feudal Age |
| 28:22 | Build | Blacksmith |
| 28:27 | Create | Spearman |
| 28:27 | Create | Spearman |
| 28:32 | Create | Villager (Male) |
| 28:42 | Build | House |
| 29:11 | Create | Spearman |
| 29:12 | Create | Spearman |
| 29:28 | Create | Villager (Male) |
| 29:31 | Build | Farm |
| 30:15 | Create | Villager (Male) |
| 30:39 | Create | Spearman |
| 30:40 | Create | Villager (Male) |
| 30:45 | Build | House |
| 31:02 | Build | Market |
| 31:10 | Create | Spearman |
| 31:19 | Research | Forging |
| 31:21 | Create | Villager (Male) |
| 31:52 | Create | Spearman |
| 32:14 | Create | Spearman |
| 32:23 | Research | Castle Age |
| 32:29 | Build | Stable |
| 32:37 | Create | Spearman |
| 33:18 | Create | Spearman |
| 33:18 | Create | Spearman |
Build order — ITA | CivettaSuPonyCorazzato
First 150 of 158 actions detected
| 0:01 | Create | Villager (Male) |
| 0:01 | Create | Villager (Male) |
| 0:02 | Create | Villager (Male) |
| 0:02 | Create | Villager (Male) |
| 0:02 | Create | Villager (Male) |
| 0:03 | Build | House |
| 0:04 | Build | House |
| 0:36 | Research | Loom |
| 0:39 | Create | Villager (Male) |
| 0:39 | Create | Villager (Male) |
| 0:40 | Create | Villager (Male) |
| 1:33 | Create | Villager (Male) |
| 1:34 | Create | Villager (Male) |
| 2:14 | Create | Villager (Male) |
| 2:44 | Create | Villager (Male) |
| 2:59 | Create | Villager (Male) |
| 3:00 | Create | Villager (Male) |
| 3:35 | Create | Villager (Male) |
| 3:35 | Create | Villager (Male) |
| 3:44 | Build | Mill |
| 4:46 | Create | Villager (Male) |
| 4:47 | Create | Villager (Male) |
| 5:05 | Create | Villager (Male) |
| 5:05 | Create | Villager (Male) |
| 5:09 | Build | House |
| 5:31 | Build | Lumber Camp |
| 5:41 | Create | Villager (Male) |
| 5:41 | Create | Villager (Male) |
| 5:43 | Create | Villager (Male) |
| 6:05 | Create | Villager (Male) |
| 6:10 | Create | Villager (Male) |
| 6:13 | Create | Villager (Male) |
| 6:45 | Create | Villager (Male) |
| 8:42 | Research | Feudal Age |
| 8:45 | Build | Mill |
| 9:47 | Build | Barracks |
| 10:52 | Age | Feudal Age |
| 10:52 | Create | Militia |
| 10:53 | Create | Militia |
| 10:54 | Create | Militia |
| 11:08 | Build | Mining Camp |
| 11:13 | Create | Villager (Male) |
| 11:17 | Build | House |
| 11:47 | Create | Villager (Male) |
| 12:40 | Research | Man-at-Arms (upgrade) |
| 12:40 | Research | Man-at-Arms (upgrade) |
| 13:04 | Create | Villager (Male) |
| 13:19 | Build | House |
| 13:22 | Build | Farm |
| 13:24 | Build | Farm |
| 13:27 | Build | Archery Range |
| 13:39 | Build | Farm |
| 14:00 | Build | Palisade Wall |
| 14:01 | Build | Palisade Wall |
| 14:04 | Build | House |
| 14:34 | Build | Farm |
| 14:45 | Create | Villager (Male) |
| 14:50 | Build | Farm |
| 14:52 | Create | Archer |
| 15:06 | Build | Farm |
| 15:07 | Create | Archer |
| 15:23 | Create | Villager (Male) |
| 15:28 | Build | Watch Tower |
| 15:36 | Build | Watch Tower |
| 15:50 | Build | House |
| 16:03 | Create | Villager (Male) |
| 16:34 | Create | Archer |
| 16:44 | Build | House |
| 16:46 | Build | House |
| 16:48 | Build | House |
| 16:51 | Build | House |
| 17:15 | Create | Archer |
| 17:37 | Build | Farm |
| 17:38 | Build | Farm |
| 17:39 | Build | Farm |
| 17:43 | Build | House |
| 17:47 | Build | Palisade Wall |
| 17:51 | Build | Palisade Wall |
| 18:04 | Create | Villager (Male) |
| 18:05 | Create | Villager (Male) |
| 18:16 | Create | Villager (Male) |
| 18:59 | Create | Archer |
| 19:11 | Build | Farm |
| 19:12 | Build | Farm |
| 19:20 | Build | Market |
| 19:29 | Create | Villager (Male) |
| 19:29 | Create | Villager (Male) |
| 19:49 | Create | Villager (Male) |
| 19:52 | Create | Archer |
| 19:58 | Build | Blacksmith |
| 20:01 | Build | House |
| 20:08 | Create | Archer |
| 20:21 | Create | Villager (Male) |
| 20:29 | Build | Farm |
| 20:39 | Build | Farm |
| 21:02 | Create | Villager (Male) |
| 21:05 | Create | Villager (Male) |
| 21:17 | Build | Archery Range |
| 21:23 | Create | Archer |
| 21:31 | Create | Villager (Male) |
| 21:41 | Create | Archer |
| 21:49 | Create | Villager (Male) |
| 21:57 | Create | Villager (Male) |
| 22:06 | Create | Archer |
| 22:09 | Build | House |
| 22:10 | Build | House |
| 22:17 | Create | Archer |
| 22:17 | Create | Archer |
| 22:24 | Research | Fletching |
| 22:25 | Research | Fletching |
| 22:39 | Create | Archer |
| 22:39 | Create | Archer |
| 22:48 | Build | Farm |
| 22:50 | Build | Farm |
| 23:40 | Build | Watch Tower |
| 24:00 | Create | Villager (Male) |
| 24:08 | Create | Villager (Male) |
| 24:09 | Build | Farm |
| 24:14 | Build | Farm |
| 24:15 | Build | Farm |
| 24:18 | Build | Farm |
| 24:39 | Create | Villager (Male) |
| 24:58 | Build | Farm |
| 24:59 | Build | Farm |
| 25:14 | Research | Padded Archer Armor |
| 25:17 | Create | Archer |
| 25:17 | Create | Archer |
| 26:02 | Create | Archer |
| 26:02 | Create | Archer |
| 26:15 | Create | Archer |
| 26:15 | Create | Archer |
| 26:16 | Create | Villager (Male) |
| 26:16 | Create | Villager (Male) |
| 26:29 | Build | Lumber Camp |
| 26:35 | Create | Archer |
| 26:35 | Create | Archer |
| 27:10 | Create | Villager (Male) |
| 27:45 | Research | Castle Age |
| 27:46 | Research | Castle Age |
| 29:00 | Build | Gate |
| 29:41 | Build | Town Center |
| 30:14 | Build | Mining Camp |
| 30:18 | Research | Castle Age |
| 30:18 | Research | Castle Age |
| 31:04 | Build | Archery Range |
| 31:12 | Research | Gold Mining |
| 31:40 | Build | Farm |
| 31:42 | Build | Farm |
| 31:43 | Build | Farm |
| 31:47 | Build | Farm |
Build order — KIRA
First 150 of 288 actions detected
| 0:00 | Create | Villager (Male) |
| 0:01 | Create | Villager (Male) |
| 0:01 | Create | Villager (Male) |
| 0:01 | Create | Villager (Male) |
| 0:02 | Build | House |
| 0:06 | Build | House |
| 1:30 | Create | Villager (Male) |
| 1:30 | Create | Villager (Male) |
| 1:43 | Build | Lumber Camp |
| 2:02 | Create | Villager (Male) |
| 2:02 | Create | Villager (Male) |
| 2:25 | Create | Villager (Male) |
| 2:47 | Create | Villager (Male) |
| 3:02 | Create | Villager (Male) |
| 3:02 | Create | Villager (Male) |
| 3:24 | Build | House |
| 3:52 | Create | Villager (Male) |
| 3:52 | Create | Villager (Male) |
| 3:54 | Create | Villager (Male) |
| 3:54 | Create | Villager (Male) |
| 4:49 | Create | Villager (Male) |
| 5:18 | Build | Mill |
| 5:29 | Create | Villager (Male) |
| 5:37 | Research | Loom |
| 5:40 | Create | Villager (Male) |
| 5:40 | Research | Loom |
| 6:54 | Research | Feudal Age |
| 7:08 | Build | House |
| 7:39 | Create | Villager (Male) |
| 7:55 | Build | Barracks |
| 9:04 | Age | Feudal Age |
| 9:05 | Build | Stable |
| 9:08 | Create | Villager (Male) |
| 9:40 | Create | Villager (Male) |
| 9:52 | Create | Villager (Male) |
| 9:56 | Build | House |
| 10:03 | Create | Scout Cavalry |
| 10:11 | Build | Farm |
| 10:11 | Build | Farm |
| 10:11 | Build | Farm |
| 10:12 | Build | Farm |
| 10:12 | Build | Farm |
| 10:12 | Build | Farm |
| 10:12 | Build | Farm |
| 10:13 | Build | Farm |
| 10:17 | Create | Villager (Male) |
| 10:31 | Create | Scout Cavalry |
| 10:40 | Build | House |
| 10:44 | Build | Palisade Wall |
| 10:46 | Build | Palisade Wall |
| 10:53 | Create | Scout Cavalry |
| 10:54 | Create | Scout Cavalry |
| 10:56 | Create | Villager (Male) |
| 11:18 | Create | Villager (Male) |
| 11:33 | Create | Scout Cavalry |
| 11:33 | Create | Scout Cavalry |
| 11:33 | Create | Scout Cavalry |
| 11:53 | Create | Scout Cavalry |
| 11:53 | Create | Scout Cavalry |
| 12:05 | Create | Villager (Male) |
| 12:11 | Build | Farm |
| 12:11 | Build | Farm |
| 12:12 | Build | Farm |
| 12:12 | Build | Farm |
| 12:12 | Build | Farm |
| 12:12 | Build | Farm |
| 12:40 | Create | Scout Cavalry |
| 12:41 | Create | Scout Cavalry |
| 12:46 | Build | House |
| 13:08 | Create | Villager (Male) |
| 13:09 | Create | Villager (Male) |
| 13:09 | Create | Villager (Male) |
| 13:11 | Build | Farm |
| 13:12 | Build | Farm |
| 13:22 | Create | Villager (Male) |
| 13:43 | Build | House |
| 13:50 | Create | Villager (Male) |
| 13:52 | Build | Farm |
| 14:02 | Create | Scout Cavalry |
| 14:12 | Build | Palisade Wall |
| 14:13 | Build | Palisade Wall |
| 14:40 | Build | Market |
| 14:47 | Create | Scout Cavalry |
| 14:47 | Create | Scout Cavalry |
| 14:47 | Create | Scout Cavalry |
| 14:48 | Create | Scout Cavalry |
| 14:56 | Create | Villager (Male) |
| 14:56 | Create | Villager (Male) |
| 15:05 | Create | Scout Cavalry |
| 15:17 | Create | Villager (Male) |
| 15:42 | Create | Scout Cavalry |
| 15:42 | Create | Scout Cavalry |
| 15:52 | Build | House |
| 15:53 | Create | Villager (Male) |
| 16:01 | Build | Palisade Gate |
| 16:10 | Create | Villager (Male) |
| 16:28 | Build | Blacksmith |
| 16:42 | Create | Villager (Male) |
| 16:45 | Build | House |
| 17:08 | Create | Villager (Male) |
| 17:49 | Create | Villager (Male) |
| 17:50 | Create | Villager (Male) |
| 18:03 | Research | Double-Bit Axe |
| 18:06 | Build | Mining Camp |
| 18:16 | Create | Villager (Male) |
| 18:21 | Create | Scout Cavalry |
| 18:21 | Create | Scout Cavalry |
| 18:53 | Create | Scout Cavalry |
| 18:53 | Create | Scout Cavalry |
| 18:53 | Create | Scout Cavalry |
| 19:04 | Create | Villager (Male) |
| 19:04 | Create | Villager (Male) |
| 19:07 | Build | Farm |
| 19:08 | Build | Farm |
| 19:09 | Build | Farm |
| 19:09 | Build | Farm |
| 19:10 | Build | Farm |
| 19:12 | Create | Villager (Male) |
| 19:49 | Research | Bloodlines |
| 19:51 | Create | Villager (Male) |
| 19:53 | Research | Gold Mining |
| 19:54 | Research | Horse Collar |
| 20:02 | Build | Stable |
| 20:05 | Build | Stable |
| 20:13 | Create | Scout Cavalry |
| 20:13 | Create | Scout Cavalry |
| 20:18 | Build | Farm |
| 20:22 | Build | Farm |
| 20:45 | Build | Farm |
| 20:46 | Build | Farm |
| 20:47 | Create | Villager (Male) |
| 20:49 | Build | Farm |
| 20:52 | Build | Farm |
| 20:59 | Create | Scout Cavalry |
| 20:59 | Create | Scout Cavalry |
| 21:05 | Create | Villager (Male) |
| 21:21 | Build | Lumber Camp |
| 22:25 | Research | Castle Age |
| 22:53 | Create | Villager (Male) |
| 23:02 | Build | Farm |
| 23:02 | Build | Farm |
| 23:02 | Build | Farm |
| 23:03 | Build | Farm |
| 23:08 | Create | Scout Cavalry |
| 23:09 | Create | Scout Cavalry |
| 23:09 | Create | Scout Cavalry |
| 23:26 | Create | Scout Cavalry |
| 23:45 | Build | House |
| 23:53 | Build | House |
| 23:54 | Build | House |
Build order — ITA | Frades89
First 150 of 181 actions detected
| 0:00 | Create | Villager (Male) ×4 |
| 0:02 | Build | House |
| 0:04 | Build | House |
| 1:42 | Create | Villager (Male) |
| 1:43 | Create | Villager (Male) |
| 1:52 | Build | Lumber Camp |
| 2:26 | Create | Villager (Male) |
| 2:34 | Create | Villager (Male) |
| 3:16 | Create | Villager (Male) |
| 3:17 | Create | Villager (Male) |
| 3:31 | Build | House |
| 3:43 | Build | House |
| 3:48 | Create | Villager (Male) |
| 4:19 | Create | Villager (Male) |
| 4:19 | Create | Villager (Male) |
| 5:06 | Create | Villager (Male) |
| 5:26 | Build | Mill |
| 5:45 | Research | Loom |
| 6:21 | Research | Feudal Age |
| 6:47 | Create | Villager (Male) |
| 7:46 | Build | Barracks |
| 8:20 | Create | Villager (Male) |
| 8:31 | Age | Feudal Age |
| 8:48 | Build | Stable |
| 8:51 | Create | Villager (Male) |
| 8:52 | Create | Villager (Male) |
| 9:36 | Create | Scout Cavalry |
| 9:48 | Create | Scout Cavalry |
| 9:52 | Build | House |
| 10:01 | Create | Villager (Male) |
| 10:14 | Create | Scout Cavalry |
| 10:28 | Build | Farm |
| 10:29 | Build | Farm |
| 10:33 | Create | Scout Cavalry |
| 11:09 | Create | Scout Cavalry |
| 11:10 | Create | Villager (Male) |
| 11:16 | Create | Scout Cavalry |
| 11:29 | Create | Villager (Male) |
| 11:39 | Build | Farm |
| 11:41 | Build | Farm |
| 11:42 | Build | Farm |
| 11:51 | Create | Scout Cavalry |
| 11:59 | Create | Villager (Male) |
| 12:23 | Create | Villager (Male) |
| 12:26 | Build | House |
| 12:38 | Create | Scout Cavalry |
| 12:42 | Build | Farm |
| 12:57 | Create | Scout Cavalry |
| 13:04 | Build | Farm |
| 13:32 | Create | Scout Cavalry |
| 13:38 | Build | Stable |
| 13:58 | Create | Scout Cavalry |
| 14:39 | Create | Scout Cavalry |
| 14:40 | Create | Scout Cavalry |
| 14:48 | Create | Villager (Male) |
| 14:50 | Create | Villager (Male) |
| 15:08 | Create | Scout Cavalry |
| 15:17 | Create | Scout Cavalry |
| 15:20 | Build | Farm |
| 15:26 | Build | Stable |
| 15:38 | Create | Scout Cavalry |
| 15:38 | Create | Scout Cavalry |
| 15:55 | Build | Farm |
| 16:02 | Create | Scout Cavalry |
| 16:11 | Build | House |
| 16:12 | Build | House |
| 16:23 | Build | House |
| 16:24 | Build | House |
| 16:29 | Build | Farm |
| 16:30 | Build | Farm |
| 16:32 | Research | Double-Bit Axe |
| 16:33 | Research | Horse Collar |
| 16:57 | Build | Farm |
| 16:57 | Build | Farm |
| 16:57 | Build | Farm |
| 16:57 | Build | Farm |
| 16:58 | Build | Farm |
| 16:58 | Build | Farm |
| 17:02 | Create | Scout Cavalry |
| 17:29 | Build | Blacksmith |
| 17:38 | Build | Farm |
| 17:52 | Create | Villager (Male) |
| 18:11 | Build | House |
| 18:13 | Research | Scale Barding Armor |
| 18:17 | Create | Villager (Male) |
| 18:21 | Build | Mining Camp |
| 18:33 | Create | Scout Cavalry ×3 |
| 18:34 | Create | Villager (Male) |
| 18:35 | Create | Villager (Male) |
| 18:52 | Build | Mining Camp |
| 19:01 | Create | Scout Cavalry ×2 |
| 19:14 | Create | Villager (Male) |
| 19:29 | Build | Farm |
| 19:34 | Create | Villager (Male) |
| 19:54 | Research | Bloodlines |
| 20:01 | Create | Scout Cavalry |
| 20:15 | Create | Scout Cavalry |
| 20:33 | Create | Scout Cavalry |
| 20:49 | Create | Scout Cavalry |
| 20:52 | Build | Farm |
| 21:10 | Create | Scout Cavalry ×2 |
| 21:25 | Create | Scout Cavalry |
| 21:40 | Create | Scout Cavalry ×2 |
| 21:58 | Create | Scout Cavalry |
| 22:14 | Create | Scout Cavalry ×2 |
| 22:25 | Create | Scout Cavalry |
| 22:29 | Build | Farm |
| 22:39 | Create | Scout Cavalry |
| 22:56 | Create | Scout Cavalry |
| 23:04 | Create | Villager (Male) |
| 23:04 | Create | Villager (Male) |
| 23:20 | Create | Villager (Male) |
| 23:33 | Create | Scout Cavalry |
| 23:44 | Create | Villager (Male) |
| 23:45 | Create | Villager (Male) |
| 24:08 | Create | Scout Cavalry ×2 |
| 24:22 | Create | Scout Cavalry |
| 24:29 | Create | Scout Cavalry |
| 24:31 | Create | Villager (Male) |
| 24:31 | Create | Villager (Male) |
| 24:59 | Create | Villager (Male) |
| 24:59 | Create | Villager (Male) |
| 24:59 | Create | Villager (Male) |
| 25:02 | Build | House |
| 25:03 | Build | House |
| 25:04 | Build | House |
| 25:04 | Build | House |
| 25:05 | Build | House |
| 25:05 | Build | House |
| 25:10 | Create | Scout Cavalry |
| 25:18 | Create | Scout Cavalry |
| 25:32 | Create | Scout Cavalry |
| 25:39 | Create | Villager (Male) |
| 25:39 | Create | Villager (Male) |
| 25:51 | Create | Scout Cavalry |
| 25:57 | Create | Scout Cavalry |
| 26:09 | Create | Scout Cavalry |
| 26:28 | Create | Villager (Male) |
| 26:35 | Build | Stable |
| 26:41 | Create | Scout Cavalry ×2 |
| 26:44 | Create | Villager (Male) |
| 26:51 | Build | Lumber Camp |
| 26:52 | Create | Villager (Male) |
| 27:11 | Create | Scout Cavalry |
| 27:16 | Create | Scout Cavalry ×2 |
| 27:30 | Create | Scout Cavalry ×2 |
| 27:30 | Create | Scout Cavalry ×2 |
| 27:42 | Create | Scout Cavalry |
| 28:06 | Create | Scout Cavalry ×2 |
| 28:16 | Create | Scout Cavalry |
Build order — Mapache
First 150 of 238 actions detected
| 0:01 | Research | Loom |
| 0:58 | Create | Villager (Male) |
| 1:20 | Create | Villager (Male) |
| 1:39 | Build | Mill |
| 1:42 | Create | Villager (Male) |
| 2:21 | Create | Villager (Male) |
| 2:21 | Create | Villager (Male) |
| 2:27 | Create | Villager (Male) |
| 2:51 | Create | Villager (Male) |
| 3:11 | Create | Villager (Male) |
| 3:15 | Build | House |
| 3:52 | Build | House |
| 3:54 | Create | Villager (Male) |
| 4:13 | Build | Palisade Wall |
| 4:17 | Build | Palisade Wall |
| 4:20 | Build | Palisade Wall |
| 4:22 | Build | Palisade Wall |
| 4:25 | Create | Villager (Male) |
| 4:27 | Create | Villager (Male) |
| 4:46 | Create | Villager (Male) |
| 5:16 | Create | Villager (Male) |
| 5:37 | Create | Villager (Male) |
| 5:41 | Create | Villager (Male) |
| 5:47 | Create | Villager (Male) |
| 5:55 | Create | Villager (Male) |
| 5:58 | Build | Lumber Camp |
| 5:59 | Create | Villager (Male) |
| 6:36 | Create | Villager (Male) |
| 7:10 | Build | Mill |
| 7:10 | Create | Villager (Male) |
| 7:48 | Research | Feudal Age |
| 8:13 | Build | Palisade Wall |
| 8:14 | Build | Palisade Wall |
| 8:19 | Build | Palisade Wall |
| 8:49 | Build | Barracks |
| 8:50 | Create | Villager (Male) |
| 8:57 | Build | Mining Camp |
| 9:28 | Build | Palisade Wall |
| 9:30 | Build | Palisade Wall |
| 9:55 | Create | Villager (Male) |
| 9:58 | Age | Feudal Age |
| 10:03 | Build | Archery Range |
| 10:04 | Create | Villager (Male) |
| 10:16 | Research | Double-Bit Axe |
| 10:43 | Create | Villager (Male) |
| 10:48 | Build | Archery Range |
| 10:56 | Create | Archer |
| 11:00 | Build | House |
| 11:02 | Build | House |
| 11:10 | Create | Archer |
| 11:24 | Build | Farm |
| 11:34 | Create | Villager (Male) |
| 11:36 | Build | Farm |
| 11:37 | Create | Archer |
| 11:38 | Create | Archer |
| 11:43 | Build | House |
| 11:52 | Build | Farm |
| 11:58 | Create | Archer |
| 12:14 | Build | House |
| 12:15 | Create | Archer |
| 12:41 | Create | Archer |
| 12:47 | Build | House |
| 12:48 | Create | Villager (Male) |
| 12:51 | Build | Farm |
| 12:52 | Build | Farm |
| 12:53 | Create | Villager (Male) |
| 13:19 | Create | Villager (Male) |
| 13:27 | Build | Blacksmith |
| 13:30 | Build | Palisade Wall |
| 13:31 | Create | Villager (Male) |
| 13:37 | Create | Archer |
| 13:38 | Create | Villager (Male) |
| 13:51 | Create | Archer |
| 14:20 | Build | House |
| 14:25 | Research | Fletching |
| 14:45 | Create | Archer |
| 14:50 | Build | House |
| 14:51 | Create | Villager (Male) |
| 14:54 | Build | Farm |
| 14:56 | Build | Farm |
| 14:58 | Build | Farm |
| 14:58 | Create | Villager (Male) |
| 15:00 | Build | Farm |
| 15:22 | Create | Archer |
| 15:24 | Build | House |
| 15:26 | Create | Villager (Male) |
| 15:43 | Build | Palisade Gate |
| 15:45 | Create | Villager (Male) |
| 15:56 | Build | House |
| 15:58 | Build | House |
| 16:02 | Create | Archer |
| 16:22 | Create | Villager (Male) |
| 16:24 | Create | Villager (Male) |
| 16:41 | Research | Padded Archer Armor |
| 16:45 | Create | Archer |
| 16:47 | Create | Villager (Male) |
| 17:30 | Build | Lumber Camp |
| 17:30 | Create | Villager (Male) |
| 17:32 | Research | Horse Collar |
| 17:35 | Build | Farm |
| 17:39 | Create | Villager (Male) |
| 18:08 | Create | Archer |
| 18:08 | Create | Archer |
| 18:42 | Create | Villager (Male) |
| 19:07 | Create | Archer |
| 19:12 | Build | Market |
| 19:18 | Create | Archer |
| 19:18 | Create | Archer |
| 19:20 | Create | Villager (Male) |
| 19:47 | Build | Archery Range |
| 19:53 | Build | Farm |
| 20:05 | Research | Castle Age |
| 20:09 | Create | Archer |
| 20:09 | Create | Archer |
| 20:26 | Build | Palisade Gate |
| 20:28 | Create | Archer |
| 20:28 | Create | Archer |
| 20:42 | Build | Farm |
| 20:45 | Build | Farm |
| 20:46 | Build | Lumber Camp |
| 20:46 | Create | Villager (Male) |
| 21:03 | Create | Archer |
| 21:03 | Create | Archer |
| 21:13 | Research | Gold Mining |
| 21:19 | Build | Farm |
| 21:19 | Create | Villager (Male) |
| 21:22 | Build | Farm |
| 21:22 | Build | Farm |
| 21:27 | Build | Farm |
| 21:30 | Build | House |
| 21:31 | Build | House |
| 21:49 | Create | Villager (Male) |
| 22:45 | Age | Castle Age |
| 22:47 | Research | Bodkin Arrow |
| 22:52 | Research | Crossbowman (upgrade) |
| 22:56 | Research | Bow Saw |
| 23:00 | Build | House |
| 23:40 | Create | Archer |
| 23:40 | Create | Archer |
| 23:40 | Create | Archer |
| 23:48 | Build | Farm |
| 23:49 | Build | Farm |
| 23:50 | Create | Villager (Male) |
| 23:51 | Create | Villager (Male) |
| 23:55 | Create | Archer |
| 23:55 | Create | Archer |
| 24:19 | Build | House |
| 24:21 | Build | House |
| 24:23 | Build | House |
| 24:24 | Create | Villager (Male) |
Build order — ITA | Raffy
First 150 of 211 actions detected
| 0:02 | Create | Villager (Male) ×4 |
| 0:07 | Build | House |
| 0:08 | Build | House |
| 1:43 | Create | Villager (Male) |
| 2:05 | Create | Villager (Male) |
| 2:14 | Build | Lumber Camp |
| 2:31 | Create | Villager (Male) |
| 2:40 | Create | Villager (Male) |
| 3:03 | Build | House |
| 3:07 | Create | Villager (Male) |
| 3:41 | Create | Villager (Male) |
| 3:41 | Create | Villager (Male) |
| 4:01 | Create | Villager (Male) |
| 4:34 | Build | Mill |
| 4:35 | Create | Villager (Male) |
| 5:15 | Create | Villager (Male) |
| 5:36 | Create | Villager (Male) |
| 6:01 | Create | Villager (Male) |
| 6:04 | Research | Loom |
| 6:54 | Research | Feudal Age |
| 7:47 | Build | Barracks |
| 7:49 | Build | House |
| 8:23 | Create | Villager (Male) |
| 8:33 | Create | Villager (Male) |
| 9:02 | Build | Farm |
| 9:06 | Build | Farm |
| 9:11 | Build | Farm |
| 9:19 | Age | Feudal Age |
| 9:23 | Build | Stable |
| 9:26 | Build | House |
| 9:32 | Build | Palisade Gate |
| 9:34 | Create | Villager (Male) |
| 9:47 | Research | Double-Bit Axe |
| 10:04 | Create | Scout Cavalry ×3 |
| 10:06 | Create | Villager (Male) |
| 10:09 | Build | House |
| 10:12 | Build | House |
| 10:17 | Create | Villager (Male) |
| 10:24 | Build | Farm |
| 10:36 | Build | Farm |
| 10:52 | Create | Villager (Male) |
| 10:55 | Create | Villager (Male) |
| 10:59 | Build | Farm |
| 11:23 | Build | Blacksmith |
| 11:38 | Create | Scout Cavalry |
| 11:39 | Create | Scout Cavalry |
| 12:03 | Build | House |
| 12:07 | Build | Palisade Wall |
| 12:07 | Create | Villager (Male) |
| 12:18 | Create | Spearman |
| 12:18 | Create | Spearman |
| 12:26 | Build | Farm |
| 12:30 | Build | Farm |
| 12:32 | Build | Farm |
| 12:33 | Build | Farm |
| 12:35 | Create | Villager (Male) |
| 12:52 | Build | Farm |
| 12:56 | Build | Farm |
| 12:57 | Create | Scout Cavalry |
| 13:20 | Create | Villager (Male) |
| 13:20 | Create | Villager (Male) |
| 13:31 | Build | Farm |
| 13:35 | Build | Farm |
| 13:41 | Create | Scout Cavalry |
| 13:48 | Build | Farm |
| 13:56 | Build | House |
| 13:57 | Build | House |
| 14:00 | Create | Villager (Male) |
| 14:06 | Create | Scout Cavalry |
| 14:23 | Build | Farm |
| 14:25 | Build | Farm |
| 14:28 | Build | Farm |
| 14:33 | Create | Scout Cavalry |
| 14:40 | Create | Villager (Male) |
| 14:53 | Build | Farm |
| 14:57 | Build | Farm |
| 15:06 | Research | Scale Barding Armor |
| 15:13 | Create | Scout Cavalry |
| 15:42 | Create | Scout Cavalry |
| 15:44 | Create | Villager (Male) |
| 15:45 | Create | Villager (Male) |
| 15:50 | Build | Farm |
| 15:54 | Create | Scout Cavalry |
| 16:03 | Create | Villager (Male) |
| 16:08 | Build | Stable |
| 16:13 | Build | Farm |
| 16:13 | Build | Farm |
| 16:13 | Build | Farm |
| 16:13 | Build | Farm |
| 16:17 | Create | Scout Cavalry |
| 16:30 | Create | Villager (Male) |
| 16:40 | Create | Scout Cavalry |
| 16:52 | Create | Scout Cavalry |
| 17:11 | Create | Scout Cavalry |
| 17:25 | Create | Scout Cavalry |
| 17:25 | Create | Scout Cavalry |
| 17:29 | Create | Villager (Male) |
| 17:29 | Create | Villager (Male) |
| 17:31 | Build | Farm |
| 17:47 | Research | Forging |
| 17:50 | Build | Farm |
| 17:51 | Build | Farm |
| 17:54 | Build | Farm |
| 17:54 | Build | Farm |
| 17:54 | Build | Farm |
| 17:58 | Create | Scout Cavalry |
| 18:18 | Create | Scout Cavalry ×2 |
| 18:20 | Build | Farm |
| 18:33 | Create | Scout Cavalry |
| 18:54 | Create | Scout Cavalry ×2 |
| 18:56 | Create | Villager (Male) |
| 19:01 | Build | Mining Camp |
| 19:12 | Create | Scout Cavalry ×2 |
| 19:25 | Build | Farm |
| 19:30 | Create | Villager (Male) |
| 19:31 | Create | Villager (Male) |
| 19:33 | Build | Farm |
| 19:52 | Research | Bloodlines |
| 19:52 | Research | Bloodlines |
| 20:08 | Create | Scout Cavalry |
| 20:11 | Build | Farm |
| 20:17 | Research | Horse Collar |
| 20:20 | Create | Villager (Male) |
| 20:20 | Create | Villager (Male) |
| 20:37 | Create | Villager (Male) |
| 20:39 | Build | Farm |
| 20:43 | Create | Scout Cavalry ×2 |
| 20:55 | Build | Farm |
| 21:00 | Build | Farm |
| 21:03 | Create | Villager (Male) |
| 21:09 | Create | Scout Cavalry |
| 21:12 | Build | House |
| 21:14 | Build | House |
| 21:14 | Build | House |
| 21:21 | Create | Scout Cavalry ×2 |
| 21:41 | Create | Villager (Male) |
| 22:11 | Create | Scout Cavalry |
| 22:16 | Build | Stable |
| 22:28 | Create | Scout Cavalry |
| 22:30 | Create | Scout Cavalry |
| 22:33 | Build | Farm |
| 22:35 | Create | Villager (Male) |
| 22:36 | Create | Villager (Male) |
| 23:23 | Research | Castle Age |
| 23:33 | Build | Mill |
| 23:34 | Build | Farm |
| 23:34 | Build | Farm |
| 23:34 | Build | Farm |
| 23:34 | Build | Farm |
| 23:35 | Build | Farm |
Build order — AML4554
First 150 of 287 actions detected
| 0:01 | Create | Villager (Male) |
| 0:01 | Create | Villager (Male) |
| 0:02 | Create | Villager (Male) |
| 0:02 | Create | Villager (Male) |
| 0:02 | Create | Villager (Male) |
| 0:04 | Build | House |
| 0:06 | Build | House |
| 1:31 | Create | Villager (Male) |
| 1:31 | Create | Villager (Male) |
| 1:53 | Create | Villager (Male) |
| 1:53 | Create | Villager (Male) |
| 2:22 | Create | Villager (Male) |
| 2:22 | Create | Villager (Male) |
| 2:43 | Create | Villager (Male) |
| 2:43 | Create | Villager (Male) |
| 2:46 | Build | House |
| 3:12 | Build | Lumber Camp |
| 3:18 | Create | Villager (Male) |
| 3:18 | Create | Villager (Male) |
| 3:53 | Create | Villager (Male) |
| 3:53 | Create | Villager (Male) |
| 3:53 | Create | Villager (Male) |
| 4:12 | Create | Villager (Male) |
| 4:50 | Create | Villager (Male) |
| 5:16 | Create | Villager (Male) |
| 6:19 | Create | Villager (Male) |
| 6:22 | Research | Feudal Age |
| 6:56 | Research | Loom |
| 7:43 | Build | Mill |
| 7:46 | Build | House |
| 9:11 | Build | Stable |
| 9:16 | Research | Double-Bit Axe |
| 9:37 | Create | Villager (Male) |
| 9:38 | Create | Villager (Male) |
| 9:43 | Research | Horse Collar |
| 9:51 | Build | House |
| 10:08 | Create | Scout Cavalry |
| 10:08 | Create | Scout Cavalry |
| 10:09 | Create | Scout Cavalry |
| 10:16 | Build | Farm |
| 10:18 | Create | Villager (Male) |
| 10:25 | Build | Farm |
| 10:38 | Create | Villager (Male) |
| 11:02 | Build | Farm |
| 11:03 | Build | Farm |
| 11:05 | Build | Farm |
| 11:23 | Create | Villager (Male) |
| 11:52 | Create | Scout Cavalry |
| 11:53 | Create | Villager (Male) |
| 11:54 | Create | Villager (Male) |
| 11:58 | Build | Farm |
| 12:00 | Build | Farm |
| 12:01 | Build | Farm |
| 12:35 | Create | Scout Cavalry |
| 12:44 | Build | Blacksmith |
| 12:46 | Create | Villager (Male) |
| 12:48 | Build | House |
| 12:49 | Build | House |
| 13:16 | Create | Scout Cavalry |
| 13:45 | Research | Forging |
| 13:46 | Create | Villager (Male) |
| 13:46 | Create | Villager (Male) |
| 14:20 | Create | Scout Cavalry |
| 14:20 | Create | Scout Cavalry |
| 14:29 | Build | Farm |
| 14:29 | Build | Farm |
| 14:30 | Build | Farm |
| 14:30 | Build | Farm |
| 14:30 | Build | Farm |
| 14:30 | Build | Farm |
| 14:31 | Build | Farm |
| 14:31 | Build | Farm |
| 14:31 | Build | Farm |
| 14:31 | Build | Farm |
| 14:51 | Create | Scout Cavalry |
| 15:03 | Create | Scout Cavalry |
| 15:51 | Create | Scout Cavalry |
| 15:54 | Research | Scale Barding Armor |
| 15:56 | Create | Villager (Male) |
| 15:56 | Create | Villager (Male) |
| 15:58 | Build | House |
| 15:59 | Build | Stable |
| 16:19 | Create | Villager (Male) |
| 16:19 | Create | Villager (Male) |
| 16:27 | Create | Scout Cavalry |
| 16:31 | Build | Farm |
| 16:34 | Build | Farm |
| 16:36 | Build | House |
| 16:52 | Build | Palisade Wall |
| 17:24 | Build | House |
| 17:26 | Build | Palisade Wall |
| 17:32 | Create | Scout Cavalry |
| 17:32 | Create | Scout Cavalry |
| 17:43 | Create | Scout Cavalry |
| 17:43 | Create | Scout Cavalry |
| 17:45 | Create | Villager (Male) |
| 17:45 | Create | Villager (Male) |
| 17:57 | Build | Mining Camp |
| 18:03 | Create | Scout Cavalry |
| 18:03 | Create | Scout Cavalry |
| 18:07 | Create | Villager (Male) |
| 18:07 | Create | Villager (Male) |
| 18:13 | Create | Scout Cavalry |
| 18:13 | Create | Scout Cavalry |
| 18:16 | Build | House |
| 18:19 | Build | Palisade Wall |
| 18:20 | Build | Palisade Wall |
| 18:27 | Create | Villager (Male) |
| 18:31 | Build | Palisade Wall |
| 18:43 | Create | Scout Cavalry |
| 18:55 | Create | Scout Cavalry |
| 18:55 | Create | Villager (Male) |
| 19:28 | Research | Bloodlines |
| 19:32 | Create | Scout Cavalry |
| 19:32 | Create | Scout Cavalry |
| 19:39 | Build | Farm |
| 19:41 | Build | Farm |
| 19:43 | Build | Farm |
| 19:44 | Build | Farm |
| 19:52 | Create | Scout Cavalry |
| 19:52 | Create | Scout Cavalry |
| 19:53 | Create | Villager (Male) |
| 19:53 | Create | Villager (Male) |
| 20:13 | Create | Villager (Male) |
| 20:13 | Create | Villager (Male) |
| 20:28 | Create | Scout Cavalry |
| 20:28 | Create | Scout Cavalry |
| 20:28 | Create | Scout Cavalry |
| 20:48 | Create | Scout Cavalry |
| 20:49 | Create | Scout Cavalry |
| 21:23 | Create | Scout Cavalry |
| 21:24 | Create | Scout Cavalry |
| 21:24 | Create | Scout Cavalry |
| 21:25 | Create | Villager (Male) |
| 21:36 | Build | House |
| 21:36 | Build | House |
| 21:47 | Create | Scout Cavalry |
| 21:47 | Create | Scout Cavalry |
| 21:59 | Create | Scout Cavalry |
| 21:59 | Create | Scout Cavalry |
| 22:13 | Create | Villager (Male) |
| 22:13 | Create | Villager (Male) |
| 22:23 | Build | Stable |
| 22:38 | Create | Scout Cavalry |
| 22:38 | Create | Scout Cavalry |
| 22:54 | Build | Palisade Wall |
| 23:07 | Create | Scout Cavalry |
| 23:07 | Create | Scout Cavalry |
| 23:08 | Create | Villager (Male) |
| 23:08 | Create | Villager (Male) |
Build order — [Tunjos]Acordeon
73 actions detected in the replay
| 0:01 | Create | Villager (Male) |
| 0:01 | Create | Villager (Male) |
| 0:02 | Build | House |
| 0:03 | Build | House |
| 0:04 | Create | Villager (Male) |
| 0:04 | Create | Villager (Male) |
| 0:34 | Research | Loom |
| 0:41 | Create | Villager (Male) |
| 0:41 | Create | Villager (Male) |
| 0:42 | Create | Villager (Male) |
| 1:00 | Research | Loom |
| 1:00 | Research | Loom |
| 1:01 | Create | Villager (Male) |
| 1:01 | Create | Villager (Male) |
| 1:31 | Create | Villager (Male) |
| 1:31 | Create | Villager (Male) |
| 2:11 | Build | Palisade Wall |
| 2:11 | Build | Palisade Wall |
| 2:13 | Build | Palisade Wall |
| 2:13 | Build | Palisade Wall |
| 2:14 | Build | Palisade Wall |
| 2:14 | Build | Palisade Wall |
| 2:15 | Build | Palisade Wall |
| 2:16 | Build | Palisade Wall |
| 2:16 | Build | Palisade Wall |
| 2:17 | Build | Palisade Wall |
| 2:17 | Build | Palisade Wall |
| 2:18 | Build | Palisade Wall |
| 2:18 | Build | Palisade Wall |
| 2:19 | Build | Palisade Wall |
| 2:20 | Build | Palisade Wall |
| 2:20 | Build | Palisade Wall |
| 2:28 | Create | Villager (Male) |
| 2:31 | Build | Lumber Camp |
| 2:33 | Create | Villager (Male) |
| 2:33 | Create | Villager (Male) |
| 3:03 | Create | Villager (Male) |
| 3:40 | Create | Villager (Male) |
| 3:40 | Create | Villager (Male) |
| 4:15 | Create | Villager (Male) |
| 4:16 | Create | Villager (Male) |
| 4:56 | Build | House |
| 5:26 | Build | Palisade Wall |
| 5:26 | Build | Palisade Wall |
| 5:27 | Build | Palisade Wall |
| 5:28 | Build | Palisade Wall |
| 5:28 | Build | Palisade Wall |
| 5:29 | Build | Palisade Wall |
| 5:30 | Build | Palisade Wall |
| 5:30 | Build | Palisade Wall |
| 5:31 | Build | Palisade Wall |
| 5:31 | Build | Palisade Wall |
| 5:32 | Build | Palisade Wall |
| 5:34 | Build | Palisade Wall |
| 5:35 | Create | Villager (Male) |
| 5:35 | Create | Villager (Male) |
| 5:35 | Create | Villager (Male) |
| 5:36 | Create | Villager (Male) |
| 6:16 | Create | Villager (Male) |
| 6:25 | Build | Mill |
| 7:13 | Build | House |
| 7:48 | Build | Palisade Wall |
| 7:50 | Build | Palisade Wall |
| 7:58 | Build | House |
| 8:36 | Create | Villager (Male) |
| 8:36 | Create | Villager (Male) |
| 9:58 | Create | Villager (Male) |
| 9:58 | Create | Villager (Male) |
| 10:34 | Create | Villager (Male) |
| 11:04 | Build | Palisade Wall |
| 11:06 | Build | Palisade Wall |
| 13:10 | Build | Town Center |
| 14:46 | Build | Town Center |
Match timeline
| 2:11 | [Tunjos]Acordeon · wall_segment Palisade Wall x1 |
| 2:11 | [Tunjos]Acordeon · wall_segment Palisade Wall x1 |
| 2:13 | [Tunjos]Acordeon · wall_segment Palisade Wall x1 |
| 2:13 | [Tunjos]Acordeon · wall_segment Palisade Wall x1 |
| 2:14 | [Tunjos]Acordeon · wall_segment Palisade Wall x1 |
| 2:14 | [Tunjos]Acordeon · wall_segment Palisade Wall x1 |
| 2:15 | [Tunjos]Acordeon · wall_segment Palisade Wall x1 |
| 2:16 | [Tunjos]Acordeon · wall_segment Palisade Wall x1 |
| 2:16 | [Tunjos]Acordeon · wall_segment Palisade Wall x1 |
| 2:17 | [Tunjos]Acordeon · wall_segment Palisade Wall x1 |
| 2:17 | [Tunjos]Acordeon · wall_segment Palisade Wall x1 |
| 2:18 | [Tunjos]Acordeon · wall_segment Palisade Wall x1 |
| 2:18 | [Tunjos]Acordeon · wall_segment Palisade Wall x1 |
| 2:19 | [Tunjos]Acordeon · wall_segment Palisade Wall x1 |
| 2:20 | [Tunjos]Acordeon · wall_segment Palisade Wall x1 |
| 2:20 | [Tunjos]Acordeon · wall_segment Palisade Wall x1 |
| 4:13 | Mapache · wall_segment Palisade Wall x1 |
| 4:17 | Mapache · wall_segment Palisade Wall x1 |
| 4:20 | Mapache · wall_segment Palisade Wall x1 |
| 4:22 | Mapache · wall_segment Palisade Wall x1 |
| 5:26 | [Tunjos]Acordeon · wall_segment Palisade Wall x1 |
| 5:26 | [Tunjos]Acordeon · wall_segment Palisade Wall x1 |
| 5:27 | [Tunjos]Acordeon · wall_segment Palisade Wall x1 |
| 5:28 | [Tunjos]Acordeon · wall_segment Palisade Wall x1 |
| 5:28 | [Tunjos]Acordeon · wall_segment Palisade Wall x1 |
| 5:29 | [Tunjos]Acordeon · wall_segment Palisade Wall x1 |
| 5:30 | [Tunjos]Acordeon · wall_segment Palisade Wall x2 |
| 5:30 | [Tunjos]Acordeon · wall_segment Palisade Wall x1 |
| 5:31 | [Tunjos]Acordeon · wall_segment Palisade Wall x1 |
| 5:31 | [Tunjos]Acordeon · wall_segment Palisade Wall x1 |
| 5:32 | [Tunjos]Acordeon · wall_segment Palisade Wall x1 |
| 5:34 | [Tunjos]Acordeon · wall_segment Palisade Wall x1 |
| 7:46 | ITA | Frades89 · first_building Barracks |
| 7:47 | ITA | Raffy · first_building Barracks |
| 7:48 | [Tunjos]Acordeon · wall_segment Palisade Wall x1 |
| 7:50 | [Tunjos]Acordeon · wall_segment Palisade Wall x1 |
| 7:55 | KIRA · first_building Barracks |
| 8:13 | Mapache · wall_segment Palisade Wall x7 |
| 8:14 | Mapache · wall_segment Palisade Wall x1 |
| 8:19 | Mapache · wall_segment Palisade Wall x1 |
| 8:31 | ITA | Frades89 · age_up feudal |
| 8:48 | ITA | Frades89 · first_building Stable |
| 8:49 | Mapache · first_building Barracks |
| 9:04 | KIRA · age_up feudal |
| 9:05 | KIRA · first_building Stable |
| 9:11 | AML4554 · first_building Stable |
| 9:19 | ITA | Raffy · age_up feudal |
| 9:23 | ITA | Raffy · first_building Stable |
| 9:28 | Mapache · wall_segment Palisade Wall x1 |
| 9:30 | Mapache · wall_segment Palisade Wall x2 |
| 9:47 | ITA | CivettaSuPonyCorazzato · first_building Barracks |
| 9:58 | Mapache · age_up feudal |
| 10:03 | Mapache · first_building Archery Range |
| 10:44 | KIRA · wall_segment Palisade Wall x2 |
| 10:46 | KIRA · wall_segment Palisade Wall x4 |
| 10:52 | ITA | CivettaSuPonyCorazzato · age_up feudal |
| 11:04 | [Tunjos]Acordeon · wall_segment Palisade Wall x1 |
| 11:06 | [Tunjos]Acordeon · wall_segment Palisade Wall x1 |
| 12:07 | ITA | Raffy · wall_segment Palisade Wall x12 |
| 13:27 | ITA | CivettaSuPonyCorazzato · first_building Archery Range |
| 13:30 | Mapache · wall_segment Palisade Wall x1 |
| 14:00 | ITA | CivettaSuPonyCorazzato · wall_segment Palisade Wall x1 |
| 14:01 | ITA | CivettaSuPonyCorazzato · wall_segment Palisade Wall x1 |
| 14:12 | KIRA · wall_segment Palisade Wall x3 |
| 14:13 | KIRA · wall_segment Palisade Wall x11 |
| 15:22 | [Tunjos]Acordeon · resign |
| 16:52 | AML4554 · wall_segment Palisade Wall x12 |
| 17:26 | AML4554 · wall_segment Palisade Wall x1 |
| 17:47 | ITA | CivettaSuPonyCorazzato · wall_segment Palisade Wall x1 |
| 17:51 | ITA | CivettaSuPonyCorazzato · wall_segment Palisade Wall x1 |
| 18:19 | AML4554 · wall_segment Palisade Wall x5 |
| 18:20 | AML4554 · wall_segment Palisade Wall x1 |
| 18:31 | AML4554 · wall_segment Palisade Wall x6 |
| 19:55 | Mapache · first_market_buy 100 food |
| 21:09 | KIRA · first_market_sell 100 stone |
| 21:10 | KIRA · first_market_buy 100 food |
| 22:45 | Mapache · age_up castle |
| 22:54 | AML4554 · wall_segment Palisade Wall x1 |
| 23:34 | ITA | CivettaSuPonyCorazzato · first_market_buy 100 stone |
| 24:02 | ITA | Aileen Wuornos · wall_segment Palisade Wall x1 |
| 24:06 | ITA | Aileen Wuornos · wall_segment Palisade Wall x1 |
| 25:05 | KIRA · age_up castle |
| 26:05 | ITA | Raffy · age_up castle |
| 27:09 | Mapache · first_building Siege Workshop |
| 27:42 | ITA | Aileen Wuornos · first_building Barracks |
| 27:47 | Mapache · first_market_sell 100 food |
| 28:00 | AML4554 · wall_segment Palisade Wall x1 |
| 28:10 | ITA | Raffy · wall_segment Stone Wall x3 |
| 28:12 | ITA | Aileen Wuornos · age_up feudal |
| 30:08 | AML4554 · wall_segment Palisade Wall x1 |
| 30:57 | ITA | Frades89 · first_market_buy 100 food |
| 31:01 | AML4554 · wall_segment Palisade Wall x1 |
| 31:11 | AML4554 · wall_segment Palisade Wall x1 |
| 32:12 | Mapache · first_building Monastery |
| 32:29 | ITA | Aileen Wuornos · first_building Stable |
| 32:58 | ITA | CivettaSuPonyCorazzato · age_up castle |
| 33:38 | ITA | Frades89 · age_up castle |
[ AI ANALYSIS · 1 CREDIT ]
What really happened in this match?
Wolo.gg analyzes every decision: build order, eco, micro, common mistakes by bracket. Personalized analysis on WhatsApp or Discord in 30 seconds.
Civ guide
Byzantines
Perfil
Jugador #8221245